AoeStats
← wtjebbe

Oasis

508734411Analyzed
2v2 RM · 8d ago on Sep 23, 2026· 44m 58s· 4 players
Game mode
Random Map
Map size
Medium (4 player)
Population
200
Speed
Normal
Resources
Standard
Victory
Conquest
Starting age
Dark Age
Ending age
Imperial Age
RankedLock teamsTeams togetherTeam positionsShared explorationLock speedFull tech treeHidden civsTurbo modeCheats
Victory
Defeat
🇳🇱 Khmer · Netherlands
1155
+18
🇳🇱 Mapuche · Netherlands
1150
+18
🇦🇷 Persians · Argentina
1257
-20
🇺🇾 Japanese · Uruguay
1141
-16
wtjebbe
5:17 Loom
9:45 Feudal Age
10:34 Horse Collar
11:44 Double-Bit Axe
18:49 Castle Age
17:33 Bloodlines
18:23 Forging
18:20 Gold Mining
18:55 Scale Barding Armor
19:43 Heavy Plow
20:40 Husbandry
22:42 Iron Casting
24:52 Gold Shaft Mining
26:35 Wheelbarrow
25:46 Town Watch
27:02 Chain Barding Armor
32:17 Light Cavalry
34:39 Bow Saw
38:17 Imperial Age
36:03 Hand Cart
37:38 Town Patrol
37:32 Fletching
40:24 Blast Furnace
39:59 Plate Barding Armor
40:54 Hussar
42:30 Ballistics
43:58 Bodkin Arrow
Gelekikker
6:00 Loom
8:38 Feudal Age
11:47 Double-Bit Axe
18:33 Castle Age
16:57 Fletching
17:07 Padded Archer Armor
17:19 Horse Collar
21:41 Bodkin Arrow
24:23 Wheelbarrow
23:33 Town Watch
26:05 Bow Saw
25:45 Gold Mining
25:56 Heavy Plow
28:59 Stone Mining
29:29 Leather Archer Armor
30:50 Ballistics
35:00 Pikeman
38:12 Imperial Age
36:33 Scale Mail Armor
38:12 Forging
38:18 Chain Mail Armor
40:14 Ring Archer Armor
40:20 Iron Casting
40:52 Chemistry
39:57 Malon
40:49 Hand Cart
40:09 Halberdier
41:21 Plate Mail Armor
41:28 Elite Skirmisher
43:54 Town Patrol
43:52 Murder Holes
44:07 Elite Skirmisher
45:19 Crop Rotation
KevuJr
6:28 Loom
8:55 Feudal Age
10:24 Double-Bit Axe
11:09 Town Watch
18:18 Castle Age
17:35 Bloodlines
18:45 Wheelbarrow
20:10 Gold Mining
21:13 Horse Collar
22:04 Husbandry
26:00 Scale Barding Armor
26:22 Forging
28:27 Heavy Plow
29:07 Gold Shaft Mining
29:34 Chain Barding Armor
39:28 Town Patrol
39:43 Hand Cart
43:06 Imperial Age
41:28 Bow Saw
42:19 Ballistics
41:57 Fletching
42:27 Town Patrol
[sAnCoNo] Dr_SaLadoMaL
10:59 Feudal Age
12:50 Double-Bit Axe
15:45 Castle Age
13:32 Horse Collar
14:59 Gold Mining
17:43 Heavy Plow
20:17 Fervor
20:02 Town Watch
21:00 Loom
23:24 Wheelbarrow
23:16 Bow Saw
25:02 Gold Shaft Mining
24:18 Stone Mining
25:15 Hand Cart
25:07 Pikeman
26:27 Fletching
26:39 Scale Mail Armor
28:31 Chain Mail Armor
28:26 Forging
30:54 Iron Casting
30:14 Bodkin Arrow
33:03 Padded Archer Armor
36:25 Imperial Age
34:13 Leather Archer Armor
34:05 Thumb Ring
36:09 Ballistics
35:30 Treadmill Crane
36:22 Bloodlines
36:13 Husbandry
37:21 Heavy Cavalry Archer
38:13 Bracer
44:08 Ring Archer Armor
44:41 Plate Mail Armor
44:16 Squires
Connection lost

Rejoining the realm…

Still unreachable

The connection could not be restored.

Session expired

The server has moved on; the page needs a fresh start.